 Dungeon Crawl Stone Soup version 0.31-a0-636-ge1c0e020e0 (webtiles) character file.

Game seed: 17236621126137281337

26510 Pkmonkey the Fighter (level 12, -10/115 HPs)
             Began as a Minotaur Berserker on Aug 26, 2023.
             Was a High Priest of Trog.
             Mangled by a skyshark (14 damage)
             ... on level 4 of the Lair of Beasts.
             The game lasted 00:43:39 (11975 turns).

Pkmonkey the Fighter (Minotaur Berserker)          Turns: 11975, Time: 00:43:42

Health: -10/115    AC: 17    Str: 21    XL:     12   Next: 99%
Magic:  0/11       EV: 18    Int:  4    God:    Trog [*****.]
Gold:   781        SH:  6    Dex: 12    Spells: 11/11 levels left

rFire   + + +        h - +7 whip of Xuczayr {flame, rF+++ Str-4 SInv}
rCold   . . .        r - +0 buckler
rNeg    . . .        S - +5 scale mail
rPois   .            (helmet restricted)
rElec   .            (no cloak)
rCorr   +            (no gloves)
SInv    +            F - +1 pair of boots {rampage}
Will    ++...        A - amulet of guardian spirit
Stlth   +            u - ring of resist corrosion
HPRegen 1.39/turn    z - +5 ring of evasion
MPRegen 0.12/turn

%: guardian spirit, rampage
@: marked, strong-willed, regenerating
A: horns 2, retaliatory headbutt
a: Renounce Religion, Berserk, Trog's Hand, Brothers in Arms


You were on level 4 of the Lair of Beasts.
You worshipped Trog.
Trog was extremely pleased with you.
You visited 2 branches of the dungeon, and saw 14 of its levels.
You also visited: Bailey.

You collected 847 gold pieces.
You spent 66 gold pieces at shops.

Inventory:

Hand Weapons
 h - the +7 whip of Xuczayr (weapon) {flame, rF+++ Str-4 SInv}
   (You found it on level 2 of the Dungeon)

   Str-4:     It affects your strength (-4).
   rF+++:     It renders you almost immune to fire.
   SInv:      It lets you see invisible.
 D - the +5 hand axe "Orb Guardian's Doom" {heavy, Str-4 Dex+4}
   (You found it on level 6 of the Dungeon)

   Str-4:     It affects your strength (-4).
   Dex+4:     It affects your dexterity (+4).
 P - a +1 halberd of draining
 W - the +9 orcbow "Axamah" {flame, rElec rC- rCorr Int-4}
   (You found it on level 1 of the Lair of Beasts)

   Int-4:     It affects your intelligence (-4).
   rC-:       It makes you vulnerable to cold.
   rElec:     It insulates you from electricity.
   rCorr:     It protects you from acid and corrosion.
Missiles
 m - 6 boomerangs (quivered)
 y - 12 poisoned darts
Armour
 l - a +0 chain mail
 r - a +0 buckler (worn)
 F - a +1 pair of boots of rampaging (worn)
 S - a +5 scale mail (worn)
Jewellery
 u - a ring of resist corrosion (left hand)
 z - a +5 ring of evasion (right hand)
 A - an amulet of guardian spirit (around neck)
 E - an amulet of reflection
 I - a +6 ring of intelligence
 K - a +6 ring of intelligence
 U - an amulet of magic regeneration
 V - a ring of protection from fire
 X - a ring of willpower
Wands
 i - a wand of roots (3)
 C - a wand of flame (35)
 H - a wand of charming (25)
 Y - a wand of polymorph (3)
Scrolls
 a - a scroll of vulnerability {unknown}
 b - a scroll of acquirement {unknown}
 c - 3 scrolls of enchant armour
 d - a scroll of amnesia {unknown}
 e - 4 scrolls of revelation
 g - 2 scrolls of torment {unknown}
 p - 7 scrolls of fear
 v - a scroll of enchant weapon {unknown}
 w - 5 scrolls of teleportation
 x - 3 scrolls of silence
 B - 2 scrolls of poison {unknown}
 L - 5 scrolls of identify
 M - 2 scrolls of immolation {unknown}
 T - a scroll of noise {unknown}
Potions
 f - 3 potions of haste
 j - 3 potions of mutation
 k - a potion of resistance
 n - 2 potions of curing
 o - 3 potions of lignification
 q - 5 potions of invisibility
 s - 4 potions of brilliance
 t - a potion of degeneration
 G - 4 potions of heal wounds {unknown}
 J - 3 potions of berserk rage {unknown}
 N - 2 potions of cancellation {unknown}
 O - 2 potions of magic {unknown}
 Q - 3 potions of might {unknown}
 R - 2 potions of experience {unknown}


   Skills:
 + Level 13.3 Fighting
 + Level 5.7(10.3) Axes
 + Level 13.3(13.7) Maces & Flails
 + Level 3.2 Throwing
 + Level 13.0 Armour
 + Level 8.5 Dodging
 + Level 2.7 Stealth
 + Level 8.1 Shields


You had 11 spell levels left.
You didn't know any spells.
Your spell library was empty.

Dungeon Overview and Level Annotations

Branches:
Dungeon (10/15)            Temple (0/1) D:6            Lair (4/5) D:10
  Swamp (0/4) Lair:3       Spider (0/4) Lair:3       Bailey (visited)
  Slime: Lair:4-5       Orc: D:9-12

Altars:
Ashenzari
Elyvilon
Fedhas
Gozag
Hepliaklqana
Qazlal
Ru
Vehumet
Wu Jian
Yredelemnul

Shops:
D:5 ?

Annotations:
Lair:3 exclusion: oklob plant


Innate Abilities, Weirdness & Mutations

You have a pair of horns on your head.
You reflexively headbutt those who attack you in melee.


Message History

You start resting.
A rime drake comes into view.
A skyshark comes into view.
Your ogre misses the skyshark.
Your ogre hits the skyshark with a +0 giant club!!!
The rime drake breathes ice at you. The icy flash freeze hits you!
* * * LOW HITPOINT WARNING * * *
You are encased in ice.
You rampage towards the skyshark!
A yak comes into view.
You barely miss the skyshark.
The skyshark is heavily wounded.
Your ogre is no longer berserk.
The skyshark bites you but does no damage.
You block the skyshark's attack.
The skyshark tail-slaps you but does no damage.
You whack the skyshark! You burn the skyshark.
The skyshark is severely wounded.
You hit the skyshark but do no damage. Your headbutt misses the skyshark.
The skyshark is severely wounded.
Your ogre hits the skyshark with a +0 giant club!!
You block the skyshark's attack.
The skyshark tail-slaps you but does no damage.
The skyshark closely misses you.
A yak comes into view.
Your skin crawls.
You feel strong-willed. The ice encasing you melts away.
The rime drake bites your ogre. The skyshark bites you.
* * * LOW HITPOINT WARNING * * *
The skyshark tastes blood and grows stronger!
You block the skyshark's attack. x2
A yak comes into view.
A blink frog comes into view.
The blink frog blinks!
A blink frog comes into view.
The rime drake bites your ogre.
The blink frog blinks!
Your ogre hits the rime drake with a +0 giant club!
The skyshark attacks as it pursues you! The skyshark bites you!
You die...

.......................###.....
.................F.§....#......
.^.........†...................
...........†...................
.....$......†..................
..Y................†...........
.................F...YY........
Y...............#.....†...P....
..............@l....†.†##P.....
.................OkY.)## #.....
.......>../..........)####.....
....####...........†..........
#..........†...........
#.....##...............
###..................
#...)......(.......
###................


You could see a skyshark (strong), 2 yaks, 2 blink frogs, a rime drake
(distracted, ally target) and a friendly ogre (summoned, slow).

Vanquished Creatures
  A reaper (Lair:3)
  2 hydras
  2 boulder beetles
  2 skysharks
  Amaemon (D:9)
  A lindwurm (Lair:3)
  A black mamba (Lair:2)
  An orange demon (D:9)
  A torpor snail (Lair:4)
  8 cane toads
  Jeremiah (D:7)
  An unseen horror (D:10)
  2 rime drakes
  Psyche (D:9)
  5 komodo dragons
  A troll (D:9)
  A polar bear (Lair:4)
  9 blink frogs
  A hornet (D:7)
  2 tyrant leeches (Lair:3)
  3 dream sheep (Lair:4)
  7 wyverns
  12 yaks
  A human (Lair:3)
  2 basilisks
  A steam dragon (D:7)
  A swamp worm (Lair:3)
  15 water moccasins
  4 black bears
  4 orc warriors
  2 ice beasts (D:5)
  2 sky beasts
  3 ogres (D:6)
  5 centaurs
  16 wolves
  A kobold brigand (D:7)
  11 bullfrogs
  5 scorpions
  A gnoll sergeant (D:7)
  3 wights (D:9)
  10 killer bees
  3 jellies
  7 howler monkeys
  5 crimson imps (D:7)
  3 hounds
  2 orc priests (D:8)
  4 iguanas
  A sleepcap (D:3)
  4 hell rats (Lair:4)
  7 orc wizards
  4 adders
  16 gnolls
  A shadow imp (D:6)
  4 white imps (D:7)
  An ufetubus (D:5)
  8 worms
  2 dart slugs
  48 orcs
  2 ball pythons
  2 bats (D:3)
  10 endoplasms
  3 giant cockroaches
  19 goblins
  10 hobgoblins
  3 jackals (D:3)
  5 quokkas
  4 frilled lizards
  17 kobolds
  2 rats
350 creatures vanquished.

Vanquished Creatures (collateral kills)
  2 cane toads (Lair:2)
  A komodo dragon (Lair:4)
  2 yaks (Lair:4)
5 creatures vanquished.

Grand Total: 355 creatures vanquished

Notes
Turn   | Place    | Note
-------+----------+-------------------------------------------
     0 | D:1      | Pkmonkey the Minotaur Berserker began the quest for the
                  | Orb.
     0 | D:1      | Reached XP level 1. HP: 19/19 MP: 0/0
   272 | D:1      | You fall into a shaft and drop 1 floor!
   297 | D:2      | Reached XP level 2. HP: 19/27 MP: 1/1
   516 | D:2      | Identified the +7 whip of Xuczayr {flame, rF+++ Str-4 SInv}
   697 | D:2      | Reached XP level 3. HP: 31/34 MP: 2/2
  1028 | D:3      | Noticed a water moccasin
  1035 | D:3      | Killed a water moccasin
  1036 | D:3      | Reached skill level 5 in Axes
  1036 | D:3      | Reached skill level 1 in Maces & Flails
  1036 | D:3      | Reached XP level 4. HP: 41/41 MP: 3/3
  1036 | D:3      | Reached XP level 5. HP: 47/47 MP: 4/4
  1039 | D:3      | Reached skill level 5 in Fighting
  1044 | D:3      | Reached ** piety under Trog
  1603 | D:4      | Reached XP level 6. HP: 51/56 MP: 5/5
  1684 | D:4      | Reached *** piety under Trog
  2254 | D:4      | Found a blossoming altar of Fedhas.
  2296 | D:5      | Entered Level 5 of the Dungeon
  2339 | D:5      | Reached XP level 7. HP: 61/63 MP: 6/6
  2496 | D:5      | Found Esusk's Magic Scroll Boutique.
  2507 | D:5      | Bought a scroll of identify for 22 gold pieces
  2507 | D:5      | Bought a scroll of identify for 22 gold pieces
  2507 | D:5      | Bought a scroll of identify for 22 gold pieces
  2588 | D:5      | Found an ornate altar of the Wu Jian Council.
  2650 | D:5      | Reached skill level 5 in Maces & Flails
  2831 | D:5      | Reached **** piety under Trog
  2832 | D:5      | Reached skill level 5 in Armour
  2832 | D:5      | Reached skill level 1 in Shields
  3102 | D:6      | Found a radiant altar of Vehumet.
  3112 | D:6      | Identified the +5 hand axe "Orb Guardian's Doom" {heavy,
                  | Str-4 Dex+4}
  3157 | D:6      | Reached XP level 8. HP: 67/71 MP: 7/7
  3304 | D:6      | Found a staircase to the Ecumenical Temple.
  3520 | D:6      | Reached skill level 1 in Throwing
  3520 | D:6      | Reached skill level 1 in Stealth
  3696 | D:6      | Found a sacrificial altar of Ru.
  3697 | D:6      | Found an opulent altar of Gozag.
  4109 | D:7      | Reached XP level 9. HP: 79/79 MP: 8/8
  4789 | D:7      | Found a stormy altar of Qazlal.
  4910 | D:7      | Reached ***** piety under Trog
  4912 | D:7      | Noticed Jeremiah
  4931 | D:7      | Killed Jeremiah
  4932 | D:7      | Reached skill level 10 in Maces & Flails
  5199 | D:8      | Reached XP level 10. HP: 89/89 MP: 9/9
  5326 | D:8      | Found a white marble altar of Elyvilon.
  5409 | D:8      | Found a basalt altar of Yredelemnul.
  5578 | D:8      | Found a faded altar of an unknown god.
  5602 | D:8      | Found a hazy altar of Hepliaklqana.
  5602 | D:8      | Found a faded altar of an unknown god.
  5651 | D:8      | Found a broken altar of Ashenzari.
  5754 | D:8      | Found a flagged portal.
  5760 | Bailey   | Entered a bailey
  5783 | Bailey   | Received a gift from Trog
  6400 | D:9      | Noticed Amaemon
  6401 | D:9      | Noticed an orange demon
  6410 | D:9      | Killed Amaemon
  6420 | D:9      | Killed an orange demon
  6522 | D:9      | Reached skill level 5 in Shields
  6639 | D:9      | Reached skill level 5 in Dodging
  6750 | D:9      | Reached skill level 10 in Fighting
  6881 | D:9      | Noticed Psyche
  6889 | D:9      | Killed Psyche
  6890 | D:9      | Reached skill level 10 in Armour
  7227 | D:10     | Entered Level 10 of the Dungeon
  7307 | D:10     | Reached XP level 11. HP: 100/100 MP: 10/10
  7424 | D:10     | Noticed an eight-headed hydra
  7439 | D:10     | Killed an eight-headed hydra
  7805 | D:10     | Found a staircase to the Lair.
  7817 | Lair:1   | Entered Level 1 of the Lair of Beasts
  7886 | Lair:1   | Identified the +9 orcbow "Axamah" {flame, rElec rC- rCorr
                  | Int-4}
  9361 | Lair:2   | Noticed a skyshark
  9367 | Lair:2   | Killed a skyshark
  9399 | Lair:2   | Noticed a boulder beetle
  9427 | Lair:2   | Killed a boulder beetle
  9669 | Lair:2   | Reached XP level 12. HP: 106/112 MP: 9/11
  9724 | Lair:2   | Noticed a six-headed hydra
  9733 | Lair:2   | Killed a six-headed hydra
 10289 | Lair:3   | Identified the +0 helmet of Toothy the Good {Int+2}
 10599 | Lair:3   | Received a gift from Trog
 10617 | Lair:3   | Noticed a boulder beetle
 10621 | Lair:3   | Found a hole to the Spider Nest.
 10643 | Lair:3   | Killed a boulder beetle
 10739 | Lair:3   | Found a staircase to the Swamp.
 11296 | Lair:3   | Found a runed translucent door.
 11308 | Lair:3   | Noticed a reaper
 11330 | Lair:3   | Killed a reaper
 11331 | Lair:3   | Identified the +0 spear of Voirream {freeze, rN+}
 11960 | Lair:4   | HP: 5/115 [komodo dragon (15)]
 11969 | Lair:4   | HP: 1/115 [rime drake/icy flash freeze (7)]
 11974 | Lair:4   | HP: 2/115 [skyshark (1)]
 11975 | Lair:4   | Mangled by a skyshark

Illustrated notes

Levels and vault maps discovered:
D:1:      dpeg_cavernosity, layout_basic
D:2:      layout_loops_ring, amcnicky_mini_pool_small
D:3:      layout_basic, kennysheep_generic_room_12
D:4:      corexii_shantytown, layout_basic, pf_just_have_faith
D:5:      layout_basic, mainiacjoe_overflow_small_starburst, serial_shops, shop,
          kennysheep_generic_room_14
D:6:      layout_loops_ring, vehumet_altar_wand_db,
          mainiacjoe_overflow_divided_tiny, minmay_temple_entry_junction,
          dreamdust_princess_bridge, nicolae_elevator_lobby_asterisk
D:7:      layout_basic, nicolae_qazlal_beasts_of_the_sky, minmay_nine_imps,
          uniq_jeremiah
D:8:      layout_basic, kennysheep_ying_yang,
          mainiacjoe_overflow_concentric_impassable,
          nicolae_hepliaklqana_ecumenical_no_more, enter_bailey_3
D:9:      layout_gridville, evilmike_butchery, uniq_amaemon, uniq_psyche
D:10:     layout_loops_ring, grunt_lair_entry_orc_guard_hut, serial_shops,
          nicolae_shop_statue_plus, dreamdust_princess_corridor
Lair:1:   layout_regular_city, lemuel_fruit_tree, serial_bayou_shore_a
Lair:2:   layout_concentric_octagons, chequers_serial_rivers_micro_b,
          dreamdust_mushroom_princess, serial_bayou_shore_b
Lair:3:   layout_chaotic_city, minmay_swamp_entry_worms,
          nicolae_spider_entry_non_spiders, pdpol_lair_cabin_in_the_woods
Lair:4:   layout_hall_layers

Skill      XL: |  1  2  3  4  5  6  7  8  9 10 11 12 |
---------------+-------------------------------------+-----
Fighting       | 4 5 6 7 8 10 11 13 | 13.3
Axes           | 4 5 |  5.7
Armour         | 3 4 5 6 8 10 11 13 | 13.0
Maces & Flails | 1 2 3 6 8 10 11 12 13 | 13.3
Dodging        | 3 4 5 7 8 |  8.5
Shields        | 1 2 4 5 6 8 |  8.1
Throwing       | 1 3 |  3.2
Stealth        | 1 2 |  2.7

Action                     |  1- 3 |  4- 6 |  7- 9 | 10-12 || total
---------------------------+-------+-------+-------+-------++-------
  Melee: Hand axe          |    27 |       |       |       ||    27
         Headbutt          |    10 |    23 |    42 |   169 ||   244
         Whip              |    34 |   129 |   219 |   696 ||  1078
  Throw: Boomerang         |       |       |     4 |     9 ||    13
 Invoke: Berserk           |     1 |     1 |       |     5 ||     7
         Brothers in Arms  |       |       |       |     2 ||     2
         Trog's Hand       |       |       |       |     2 ||     2
    Use: Scroll            |       |       |     8 |     6 ||    14
   Stab: Distracted        |       |     1 |       |       ||     1
 Armour: Animal skin       |     3 |       |       |       ||     3
         Chain mail        |     3 |    52 |    73 |    28 ||   156
         Scale mail        |       |       |       |   138 ||   138
  Dodge: Dodged            |    27 |    35 |   100 |   365 ||   527
  Block: Buckler           |       |    10 |    36 |   102 ||   148

Table legend: (Time is in decaauts)
 A = Elapsed time spent in this place.
 B = Non-inter-level travel time spent in this place.
 C = Inter-level travel time spent in this place.
 D = Time resting spent in this place.
 E = Time spent auto-exploring this place.
 F = Levels seen in this place.
 G = Mean time per level.
                   A        B        C        D        E       F      G
               +--------+--------+--------+--------+--------+-----+--------+
         Total |  11665 |  11430 |    235 |    647 |   8421 |  15 |  777.7 |
       Dungeon |   7186 |   7033 |    153 |     48 |   5607 |  10 |  718.6 |
          Lair |   3998 |   3916 |     82 |    529 |   2692 |   4 |  999.5 |
        Bailey |    480 |    480 |      0 |     70 |    121 |   1 |  480.0 |
               +--------+--------+--------+--------+--------+-----+--------+

Top non-repeatable levels by time:
  Lair:2: 1524 daAuts
  Lair:3: 1437 daAuts
     D:7: 1164 daAuts
     D:9: 878 daAuts
  Lair:1: 862 daAuts
     D:6: 818 daAuts
     D:5: 797 daAuts
     D:4: 761 daAuts
     D:2: 741 daAuts
     D:8: 645 daAuts
    D:10: 577 daAuts
     D:3: 528 daAuts
  Bailey: 480 daAuts
     D:1: 272 daAuts
  Lair:4: 174 daAuts
